Map: Thunderbird LE

Players

Woah

  • Race: Terran Terran
  • Spawn Location: 5:00

MONSTER - Winner!

  • Race: Zerg Zerg
  • League: Platinum
  • Spawn Location: 11:00

VOD

Have the link to the VOD?

Description

Time

  • Played on: June 10, 2019, 8:07 a.m.
  • Length: 12:16
Show
View Real Time Build Order
Export as new Build Order

Woah Terran 

Build Orders: Reaper Expand 

Get SALT Encoding   

  12  0:02  SCV  
  13  0:14  SCV  
  13  0:20  Supply Depot  
  14  0:27  SCV  
  15  0:41  SCV  
  16  0:43  Barracks  
  16  0:46  Refinery  
  16  0:53  SCV  
  17  1:06  SCV  
  18  1:29  Orbital Command  
  18  1:31  Reaper  
  19  1:43  Command Center  
  19  1:52  Supply Depot  
  19  1:55  SCV  
  20  2:10  Factory  
  20  2:15  Barracks Tech Lab  
  20  2:17  SCV  
  21  2:28  Barracks  
  21  2:42  Barracks Reactor  
  21  2:43  SCV  
  22  2:47  Refinery  
  22  3:03  SCV  
  23  3:18  Orbital Command  
  22  3:22  Cyclone, Marine x2  
  22  3:23  Barracks Tech Lab  
  27  3:35  SCV  
  27  3:39  Refinery  
  28  3:45  Stimpack  
  28  3:57  SCV  
  28  3:59  Marine  
  28  4:00  Marine x2  
  32  4:05  Starport  
  32  4:09  SCV x2  
  34  4:25  Engineering Bay, Combat Shield  
  34  4:27  Marine x2  
  34  4:29  SCV  
  37  4:33  SCV  
  37  4:35  Barracks  
  37  4:36  Barracks  
  38  4:41  SCV  
  38  4:45  Marine  
  40  4:46  SCV  
  41  4:53  SCV  
  41  4:58  Medivac x2  
  46  5:06  Factory Reactor  
  46  5:20  Barracks  
  46  5:22  Barracks  
  46  5:23  Barracks  
  46  5:24  Barracks  
  46  5:27  Barracks Reactor  
  46  5:41  Engineering Bay, Supply Depot  
  46  5:43  Supply Depot  
  46  5:48  Marine  
  46  5:54  SCV  
  46  5:59  Marine  
  46  6:01  SCV, Marine  
  46  6:06  SCV  
  46  6:09  Hellion  
  46  6:10  Hellion  
  46  6:13  SCV  
  46  6:14  Terran Infantry Armor Level 1  
  46  6:30  Barracks Reactor  
  46  6:46  Marine x7  
  46  6:47  SCV  
  54  6:57  Hellion  
  56  7:04  Marine x7  
  56  7:06  Armory, Marine  
  64  7:22  Marine x7  
  71  7:33  Marine  
  71  7:34  Marine  
  71  7:35  SCV x2  
  75  7:40  Supply Depot, Marine x7  
  75  7:43  Supply Depot  
  56  8:15  Barracks Tech Lab x3  
  56  8:22  Factory Tech Lab  
  56  8:30  Supply Depot, Refinery  
  56  8:34  Marine  
  56  8:35  Marine x8  
  56  8:40  Terran Infantry Weapons Level 1  
  65  8:52  Marine  
  65  8:53  Marine x5  
  65  8:54  Marauder x2  
  75  8:58  SCV x2  
  77  9:12  Marauder x2  
  77  9:14  Marauder  
  83  9:20  Supply Depot  
  83  9:31  Armory  
  83  9:34  Marauder  
  83  9:35  Marine  
  83  9:36  SCV  
  87  9:49  Medivac  
  39  10:21  Marine  
  39  10:22  Marine x8  
  39  10:27  Siege Tank  
  39  10:28  SCV  
  52  10:39  Marine  
  52  10:40  Marine x3  
  56  10:52  Command Center  
  56  10:55  Concussive Shells  
  56  10:57  Marauder  
  58  11:01  SCV  
  58  11:02  SCV  
  60  11:09  Siege Tank  
  60  11:10  Marine  
  64  11:13  SCV  
  64  11:14  SCV  
  66  11:23  Marine  
  66  11:24  Marine x7  
  74  11:32  Medivac  
  76  11:33  SCV  
  76  11:34  SCV  
  76  11:39  Marine  
  79  11:41  Marine x5  
Show
View Real Time Build Order
Export as new Build Order

MONSTER Zerg - Winner!

Build Orders: Hatch First, Lurkers 

Get SALT Encoding   

  12  0:01  Drone  
  13  0:13  Overlord  
  13  0:17  Drone  
  14  0:32  Drone  
  14  0:33  Drone  
  16  0:36  Drone  
  17  0:55  Hatchery  
  16  0:58  Drone  
  16  1:01  Drone  
  18  1:08  Extractor  
  17  1:18  Spawning Pool  
  16  1:26  Drone x2  
  16  1:30  Drone  
  19  1:50  Overlord  
  19  2:08  Queen x2  
  19  2:09  Metabolic Boost  
  23  2:17  Zergling x2  
  23  2:18  Zergling x4  
  23  2:22  Drone  
  27  2:25  Drone  
  28  2:34  Drone x2  
  30  2:40  Drone  
  29  2:53  Queen x2  
  29  2:56  Drone x2  
  36  2:58  Drone  
  36  3:11  Overlord x2  
  35  3:24  Hatchery  
  34  3:30  Drone x3  
  37  3:37  Drone x4  
  37  3:40  Drone  
  42  3:42  Drone  
  42  4:00  Roach Warren  
  42  4:01  Extractor, Drone x5  
  44  4:22  Overlord  
  44  4:25  Overlord  
  44  4:37  Zergling x2  
  44  4:38  Zergling x10  
  50  4:43  Drone x6  
  56  4:56  Lair  
  56  4:59  Drone x4  
  60  5:01  Extractor x2  
  60  5:03  Drone  
  60  5:06  Drone x3  
  60  5:07  Drone x2  
  64  5:11  Roach  
  64  5:13  Overlord  
  64  5:14  Overlord  
  66  5:33  Roach x7  
  80  6:10  Roach  
  80  6:11  Overlord x3  
  76  6:28  Zergling x12  
  76  6:31  Roach  
  76  6:32  Roach x10  
  104  6:38  Evolution Chamber  
  104  6:39  Evolution Chamber  
  102  6:40  Drone x2  
  102  6:41  Hydralisk Den  
  102  6:46  Spore Crawler  
  102  6:50  Spore Crawler x2  
  102  6:53  Spore Crawler x2  
  98  6:57  Drone x8  
  106  7:01  Extractor  
  106  7:03  Extractor  
  106  7:05  Queen  
  106  7:15  Overlord x3  
  106  7:16  Overlord x3  
  106  7:31  Queen x2  
  104  7:37  Ravager x3  
  104  7:38  Ravager x3  
  104  7:40  Roach x5  
  104  7:41  Roach x4  
  128  7:51  Glial Reconstitution  
  113  8:13  Drone x9  
  113  8:14  Drone x6  
  128  8:29  Hatchery  
  128  8:33  Extractor  
  126  8:34  Extractor  
  126  8:37  Hydralisk  
  126  8:38  Hydralisk x7  
  141  8:46  Lurker Den  
  141  8:47  Zerg Missile Weapons Level 1  
  140  8:48  Zerg Ground Armor Level 1  
  140  8:58  Baneling Nest  
  140  9:00  Zergling x2  
  140  9:01  Zergling x12  
  146  9:31  Overlord x4  
  146  9:37  Tunneling Claws  
  146  9:38  Burrow  
  146  9:39  Infestation Pit, Pneumatized Carapace  
  146  9:40  Muscular Augments  
  146  9:43  Baneling x9  
  146  9:44  Baneling x5  
  145  9:53  Drone x7  
  145  9:54  Drone x3  
  126  10:24  Hydralisk  
  126  10:25  Hydralisk x10  
  148  10:30  Hatchery  
  147  10:51  Grooved Spines, Overseer  
  147  11:00  Lurker  
  147  11:01  Lurker  
  147  11:02  Lurker x8  
  157  11:07  Zergling x18  
  157  11:08  Zergling x24  
Tags
 
Composition
Lurkers
League
Platinum
Matchup
TvZ
Replay Pack
r1
Spawn Locations
Cross Positions
Add a new tag
Caveats
  • Supply blocks, unpowered buildings, or Contaminate may cause inaccurate times.
  • Supply counts are checked every 10 seconds.